AoeStats
← Bananidze

Runestones

508266218Analyzed
1v1 RM · 12d ago on Sep 21, 2026· 57m 4s· 2 players
Game mode
Random Map
Map size
Tiny (2 player)
Population
200
Speed
Normal
Resources
Standard
Victory
Conquest
Starting age
Dark Age
Ending age
Imperial Age
RankedLock teamsTeams togetherTeam positionsShared explorationLock speedFull tech treeHidden civsTurbo modeCheats
Victory
Defeat
🇺🇦 Celts · Ukraine
527
+17
🇪🇸 Spanish · Spain
543
-17
Bananidze
9:45 Feudal Age
10:14 Double-Bit Axe
14:26 Horse Collar
15:45 Man-at-Arms
18:19 Wheelbarrow
18:52 Scale Mail Armor
18:43 Arson
22:54 Castle Age
21:39 Stone Mining
21:44 Gold Mining
24:33 Bow Saw
24:37 Heavy Plow
24:30 Long Swordsman
27:24 Forging
31:47 Town Watch
44:13 Imperial Age
43:55 Gold Shaft Mining
43:55 Stone Shaft Mining
46:32 Ballistics
49:56 Heavy Scorpion
54:05 Furor Celtica
roberthg8757
0:47 Loom
10:33 Feudal Age
11:14 Double-Bit Axe
14:38 Fletching
18:10 Man-at-Arms
21:53 Forging
21:57 Gold Mining
22:44 Stone Mining
22:43 Horse Collar
24:13 Scale Mail Armor
29:11 Castle Age
28:58 Bloodlines
29:44 Scale Barding Armor
33:00 Long Swordsman
36:03 Stone Shaft Mining
35:40 Bow Saw
35:33 Heavy Plow
37:15 Squires
42:40 Elite Skirmisher
42:49 Pikeman
44:53 Husbandry
44:28 Light Cavalry
48:58 Imperial Age
47:21 Arson
52:48 Halberdier
53:03 Cavalier
53:04 Hussar
54:33 Chain Barding Armor
54:49 Iron Casting
54:18 Murder Holes
56:25 Chemistry
55:56 Bodkin Arrow
56:17 Chain Mail Armor
Connection lost

Rejoining the realm…

Still unreachable

The connection could not be restored.

Session expired

The server has moved on; the page needs a fresh start.